 Dungeon Crawl Stone Soup version 0.28-a0-845-gfc338a8e3c (webtiles) character file.

Game seed: 10990166868773227634

239 Xomen1 the Poker (level 6, 0/69 HPs)
             Began as a Merfolk Gladiator on Nov 12, 2021.
             Succumbed to Sigmund's poison
             ... on level 3 of the Dungeon.
             The game lasted 00:05:10 (3325 turns).

Xomen1 the Poker (Merfolk Gladiator)                Turns: 3325, Time: 00:05:11

Health: 0/69       AC: 23    Str: 16    XL:     6   Next: 7%
Magic:  6/6        EV:  2    Int:  7    God:
Gold:   80         SH:  0    Dex: 16    Spells: 5/5 levels left

rFire   . . .      SeeInvis .   a - +0 trident
rCold   . . .      Faith    .   (no shield)
rNeg    . . .      Spirit   .   (armour currently unavailable)
rPois   +          Reflect  .   (helmet currently unavailable)
rElec   .          Harm     .   (cloak currently unavailable)
rCorr   .          Rampage  .   (gloves currently unavailable)
Will    .....      NoTele   +   (boots currently unavailable)
Stlth   +.........              (no amulet)
HPRegen 0.21/turn               (no ring)
MPRegen 0.10/turn               (no ring)

@: lethally poisoned (0 -> -4), tree-form
A: stationary, stasis, torment immunity, boosted hp, (nimble swimmer 2),
(mertail)
a: no special abilities


You were on level 3 of the Dungeon.
You were a tree.
You visited 1 branch of the dungeon, and saw 4 of its levels.

You collected 113 gold pieces.
You spent 33 gold pieces at shops.

Inventory:

Hand Weapons
 a - a +0 trident (weapon)
Armour
 b - a +0 leather armour (melded)
 c - a +0 helmet (melded)
Scrolls
 e - a scroll of blinking
 i - a scroll of identify
 j - a scroll of teleportation
 k - a scroll of enchant weapon {unknown}
 n - a scroll of enchant armour {unknown}
Potions
 f - a potion of lignification
 h - a potion of brilliance {unknown}
 l - a potion of flight {unknown}
 m - a potion of ambrosia {unknown}


   Skills:
 + Level 2.8 Fighting
 + Level 7.7 Polearms
 + Level 2.2 Throwing
 + Level 1.4 Armour
 + Level 4.9 Dodging


You had 5 spell levels left.
You didn't know any spells.
Your spell library contained the following spells:

 Spells                   Type           Power      Damage    Failure   Level
 Slow                     Hex            0%         N/A       43%         1
 Confusing Touch          Hex            0%         N/A       80%         3
 Ozocubu's Armour         Ice            0%         N/A       80%         3
 Vampiric Draining        Necr           0%         2d6       80%         3
 Ozocubu's Refrigeration  Ice            0%         4d5       100%        7


Dungeon Overview and Level Annotations

Branches:
Dungeon (4/15)
 Temple: D:4-7

Altars:

Shops:
D:2 *

Annotations:
D:3 Sigmund
D:4 Robin


Innate Abilities, Weirdness & Mutations

You are a tree.
Your roots penetrate the ground, keeping you stationary.
You cannot be teleported.
You are immune to unholy pain and torment.
Your maximum health is greatly increased.
Your equipment is partially melded.
((You are quick and stealthy near water. (Stealth+, EV+, Speed+++)))
((Your lower body shifts to a powerful aquatic tail in water.))


Message History

Press: ? - help, Dir - move target You hit something.
You feel sick. Something completely misses you.
Reach: a) +0 trident
Press: ? - help, Dir - move target You hit something.
You feel sick.
Reach: a) +0 trident
Press: ? - help, Dir - move target You barely miss something.
You feel sick. Something hits you but does no damage.
You are lethally poisoned!
Reach: a) +0 trident
Press: ? - help, Dir - move target You hit something but do no damage.
* * * LOW HITPOINT WARNING * * *
You feel very sick. Something hits you but does no damage.
Reach: a) +0 trident
Press: ? - help, Dir - move target You closely miss something.
* * * LOW HITPOINT WARNING * * *
You feel sick.
Reach: a) +0 trident
Press: ? - help, Dir - move target You miss something.
* * * LOW HITPOINT WARNING * * *
You feel sick. Something hits you but does no damage.
Reach: a) +0 trident
Press: ? - help, Dir - move target You closely miss something.
* * * LOW HITPOINT WARNING * * *
You feel sick. Something hits you but does no damage.
Reach: a) +0 trident
Press: ? - help, Dir - move target You miss something.
* * * LOW HITPOINT WARNING * * *
You feel sick.
Reach: a) +0 trident
Press: ? - help, Dir - move target You closely miss something.
You die...

........?# #.##'#+####
.........# #.#.......#
........# #.#.......#
.......# #.#.......+
#.....######'#.......#
#.....#..............#
###.....#..............#
#.....{##.......########
+......♣...............#
#......###.....#.#####.#
#......# #######.).#....
#......# ###>....#
#......# #.....#
######## #.....#
##################)#'#.#
#...............##.#.#.#
#...............##.#.#.#


There were no monsters in sight!

Vanquished Creatures
  3 orc priests
  Jessica (D:2)
  6 adders
  A gnoll (D:1)
  A worm (D:2)
  7 orcs
  5 ball pythons
  An endoplasm (D:2)
  2 giant cockroaches (D:2)
  3 goblins
  3 hobgoblins
  7 jackals (D:2)
  8 bats
  3 kobolds
  6 rats
57 creatures vanquished.

Notes
Turn   | Place    | Note
-------+----------+-------------------------------------------
     0 | D:1      | Xomen1 the Merfolk Gladiator began the quest for the Orb.
     0 | D:1      | Reached XP level 1. HP: 16/16 MP: 1/1
    52 | D:1      | Reached XP level 2. HP: 22/22 MP: 2/2
   329 | D:1      | Reached skill level 5 in Polearms
   955 | D:2      | Reached XP level 3. HP: 27/27 MP: 3/3
  1330 | D:2      | Reached skill level 6 in Polearms
  1446 | D:2      | Reached XP level 4. HP: 32/34 MP: 4/4
  2072 | D:2      | Reached XP level 5. HP: 37/39 MP: 5/5
  2152 | D:2      | Found Lufitauf's General Store.
  2158 | D:2      | Bought a potion of curing for 33 gold pieces
  2214 | D:2      | Found a faded altar of an unknown god.
  2376 | D:2      | Reached skill level 1 in Armour
  2477 | D:2      | Noticed Jessica
  2485 | D:2      | Killed Jessica
  2486 | D:2      | Reached skill level 7 in Polearms
  3180 | D:4      | Noticed Robin
  3304 | D:3      | Noticed Sigmund
  3309 | D:3      | Reached XP level 6. HP: 46/46 MP: 6/6
  3322 | D:3      | HP: 3/69 [poisoned by Sigmund]
  3324 | D:3      | HP: 1/69 [poisoned by Sigmund]
  3325 | D:3      | Succumbed to Sigmund's poison

Illustrated notes

Levels and vault maps discovered:
D:1:      heliophobic_arrival_enchanted_forest, layout_loops_corners
D:2:      minmay_recursive_quarters, layout_basic,
          chequers_ecumenical_altar_twisty, serial_shops, shop, uniq_jessica
D:3:      layout_basic, uniq_sigmund
D:4:      layout_cave_pools, gammafunk_temple_overflow_forgotten, minivault_23,
          uniq_robin

Skill      XL: |  1  2  3  4  5 |
---------------+----------------+-----
Polearms       | 5 6 7 |  7.7
Armour         | 1 |  1.4
Fighting       | |  2.8
Throwing       | |  2.2
Dodging        | |  4.9

Action                   |  1- 3 |  4- 6 || total
-------------------------+-------+-------++-------
Melee: Trident           |    88 |   103 ||   191
Throw: Throwing net      |       |     4 ||     4
  Use: Scroll            |     2 |     5 ||     7
       Potion            |       |     3 ||     3
 Stab: Sleeping          |     3 |     1 ||     4
       Held in net/web   |       |     2 ||     2
Armor: Leather armour    |    17 |    23 ||    40
       Skin              |       |     5 ||     5
Dodge: Dodged            |    59 |    51 ||   110

Table legend: (Time is in decaauts)
 A = Elapsed time spent in this place.
 B = Non-inter-level travel time spent in this place.
 C = Inter-level travel time spent in this place.
 D = Time resting spent in this place.
 E = Time spent auto-exploring this place.
 F = Levels seen in this place.
 G = Mean time per level.
                   A        B        C        D        E       F      G
               +--------+--------+--------+--------+--------+-----+--------+
         Total |   3326 |   3199 |    127 |    122 |   2491 |   4 |  831.5 |
       Dungeon |   3326 |   3199 |    127 |    122 |   2491 |   4 |  831.5 |
               +--------+--------+--------+--------+--------+-----+--------+

Top non-repeatable levels by time:
     D:2: 1638 daAuts
     D:1: 1028 daAuts
     D:3: 657 daAuts
     D:4: 1 daAuts
